 Seeded DCSS version 0.32-a0-450-g080537f31e (webtiles) character file.

Game seed: 13927572275297387510 (custom seed)

76553 Juicyj the Warrior (level 15, -4/137 (143) HPs)
             Began as a Minotaur Fighter on Feb 23, 2024.
             Was a Priest of Jiyva.
             Slain by a +1 demon trident of chaos (24 damage)
             ... on level 12 of the Dungeon.
             The game lasted 00:21:59 (12319 turns).

Juicyj the Warrior (Minotaur Fighter)              Turns: 12319, Time: 00:21:59

HP:   -4/137 (143)  AC: 25    Str: 28    XL:     15   Next: 12%
MP:   14/14         EV:  9    Int:  6    God:    Jiyva [***...]
Gold: 822           SH:  9    Dex: 21    Spells: 14/14 levels left

rFire   + + .        l - +2 broad axe (heavy)
rCold   + + .        c - +0 buckler
rNeg    + . .        N - +0 chain mail {rF+}
rPois   .            M - +2 hat of the Baku {Harm rF+ rC+ Regen+}
rElec   .            p - +0 cloak "Goyptil" {Fly rF- rCorr}
rCorr   +            (no gloves)
SInv    .            m - +2 pair of boots of Pened {Regen+ Str+2}
Will    +....        J - amulet of regeneration
Stlth   +++          k - ring of Myguufro {rF+ rC+ AC+4 Str-4 Stlth+}
HPRegen 3.94/turn    g - ring "Othioc" {rN+ Str+6}
MPRegen 0.70/turn

%: harm (+30% outgoing, +20% incoming)
@: lethally poisoned (-4 -> -4), flying, slowed, lightly drained, very slow
A: horns 2, retaliatory headbutt, hooves 1, thin skeletal structure 3, agile 1,
passive freeze
a: Renounce Religion, Oozemancy


You were on level 12 of the Dungeon.
You worshipped Jiyva.
Jiyva was most pleased with you.
You visited 2 branches of the dungeon, and saw 17 of its levels.

You collected 1039 gold pieces.
You spent 217 gold pieces at shops.

Inventory:

Hand Weapons
 l - a +2 heavy broad axe (weapon)
Missiles
 y - 8 throwing nets (quivered)
Armour
 b - a +2 scale mail
 c - a +0 buckler (worn)
 m - the +2 pair of boots of Pened (worn) {Regen+ Str+2}
   (You acquired it on level 1 of the Dungeon)

   Str+2:     It affects your strength (+2).
   Regen+:    It increases your rate of health regeneration.
 p - the +0 cloak "Goyptil" (worn) {Fly rF- rCorr}
   (You acquired it on level 3 of the Dungeon)

   rF-:       It makes you vulnerable to fire.
   Fly:       It grants you flight.
   rCorr:     It protects you from acid and corrosion.
 M - the +2 hat of the Baku (worn) {Harm rF+ rC+ Regen+}
   (You found it on level 3 of the Lair of Beasts)

   rF+:       It protects you from fire.
   rC+:       It protects you from cold.
   Regen+:    It increases your rate of health regeneration.
   Harm:      It increases damage dealt and taken.
 N - a +0 chain mail of fire resistance (worn)
Jewellery
 g - the ring "Othioc" (right hand) {rN+ Str+6}
   (You acquired it on level 1 of the Dungeon)

   [ring of positive energy]

   Str+6:     It affects your strength (+6).
   rN+:       It protects you from negative energy.
 k - the ring of Myguufro (left hand) {rF+ rC+ AC+4 Str-4 Stlth+}
   (You acquired it on level 1 of the Dungeon)

   [ring of protection]

   AC+4:      It affects your AC (+4).
   Str-4:     It affects your strength (-4).
   rF+:       It protects you from fire.
   rC+:       It protects you from cold.
   Stlth+:    It makes you more stealthy.
 v - a ring of see invisible
 J - an amulet of regeneration (around neck)
Wands
 q - a wand of digging (7)
 s - a wand of polymorph (5)
 w - a wand of roots (6)
 z - a wand of acid (12)
 E - a wand of flame (48)
Scrolls
 a - 3 scrolls of fear
 n - 2 scrolls of amnesia
 o - 6 scrolls of teleportation
 C - a scroll of identify
 D - 2 scrolls of immolation
 G - a scroll of fog
 H - 2 scrolls of vulnerability
 I - 2 scrolls of blinking
 O - a scroll of revelation
Potions
 d - a potion of might
 e - 5 potions of degeneration
 f - 2 potions of attraction
 h - 4 potions of ambrosia
 i - 8 potions of curing
 j - 2 potions of brilliance
 r - a potion of mutation
 t - a potion of resistance
 x - a potion of berserk rage
 A - a potion of magic
 B - 3 potions of cancellation
 F - a potion of heal wounds
 L - a potion of haste
Miscellaneous
 K - a phial of floods
 Q - a lightning rod (4/4)


   Skills:
 + Level 15.8 Fighting
 + Level 15.6 Axes
 + Level 15.8 Armour
 + Level 15.8 Shields


You had 14 spell levels left.
You didn't know any spells.
Your spell library contained the following spells:

 Spells                   Type           Power      Damage    Failure   Level
 Ensorcelled Hibernation  Hex/Ice        0%         N/A       93%         2
 Dazzling Flash           Conj/Hex       0%         N/A       99%         3
 Mephitic Cloud           Conj/Alch/Air  0%         N/A       99%         3
 Passwall                 Erth           0%         N/A       99%         3
 Swiftness                Air            0%         N/A       99%         3
 Tukima's Dance           Hex            0%         N/A       99%         3
 Dimensional Bullseye     Hex/Tloc       0%         N/A       100%        4
 Iskenderun's Mystic Bla  Conj/Tloc      0%         2d3       100%        4
 Olgreb's Toxic Radiance  Alch           0%         N/A       100%        4
 Curse of Agony           Necr           0%         N/A       100%        5
 Silence                  Hex/Air        0%         N/A       100%        5
 Ozocubu's Refrigeration  Ice            0%         4d7       100%        7
 Discord                  Hex            0%         N/A       100%        8


Dungeon Overview and Level Annotations

Branches:
Dungeon (12/15)            Temple (0/1) D:4            Lair (5/5) D:8
 Shoals (0/4) Lair:3       Spider (0/4) Lair:2        Slime (0/5) Lair:5
    Orc: D:9-12

Altars:
Ashenzari
Dithmenos
Fedhas
Makhleb
Okawaru
Trog
Vehumet
Xom
Yredelemnul
The Shining One
Jiyva

Shops:
D:3 *   D:5 (   D:11 !

Annotations:
D:12 Bravepunisher's ghost, journeyman SpMo


Innate Abilities, Weirdness & Mutations

You have a pair of horns on your head.
You reflexively headbutt those who attack you in melee.
You have large cloven feet.
You have an unnaturally thin skeletal structure. (Dex +6, Stealth+++)
You are agile. (Dex +4, Str/Int -1)
A frigid envelope surrounds you and freezes all who hurt you.


Message History

The +1 demon trident of chaos hits your vampire mosquito!
The +1 demon trident of chaos burns your vampire mosquito.
Your vampire mosquito bites the +1 demon trident of chaos.
Bravepunisher's ghost hits your vampire mosquito.
The +1 demon trident of chaos hits your vampire mosquito!!
Your vampire mosquito is destroyed!
Your vampire mosquito's corpse dissolves into shadows!
Your boulder beetle leaps!
Your vampire mosquito completely misses Bravepunisher's ghost.
Your vampire mosquito misses Bravepunisher's ghost.
Your vampire mosquito completely misses Bravepunisher's ghost.
The +1 demon trident of chaos hits you but does no damage.
Your vampire mosquito closely misses Bravepunisher's ghost.
Your vampire mosquito bites Bravepunisher's ghost.
The +1 demon trident of chaos barely misses you.
Bravepunisher's ghost barely misses your vampire mosquito.
Your vampire mosquito completely misses Bravepunisher's ghost.
Your vampire mosquito completely misses Bravepunisher's ghost.
Your vampire mosquito bites Bravepunisher's ghost but does no damage.
The +1 demon trident of chaos hits you from afar!
* * * LOW HITPOINT WARNING * * *
You feel as though you will be slow longer.
Bravepunisher's ghost flicks its blade from hand to hand, faster than the eye can follow.
You block the +1 demon trident of chaos's attack.
Your vampire mosquito completely misses Bravepunisher's ghost.
You block the +1 demon trident of chaos's attack.
Your vampire mosquito misses Bravepunisher's ghost.
The +1 demon trident of chaos hits you from afar.
* * * LOW HITPOINT WARNING * * *
Your vampire mosquito completely misses Bravepunisher's ghost.
Your boulder beetle misses Bravepunisher's ghost.
The +1 demon trident of chaos hits you from afar!!
* * * LOW HITPOINT WARNING * * *
You are poisoned.
Your vampire mosquito misses Bravepunisher's ghost.
You feel very sick.
The +1 demon trident of chaos attacks as it pursues you!
The +1 demon trident of chaos hits you from afar!!
You die...
Jiyva sends a jelly to digest your remains.

### #.# #.# ######.#
##########......#######
......................#
..............<...#####
...........@......#
.................#
#.....(......>.#
#...W..........#
#...B........###
#..y.........#
#..#####.....#
+..#...##'##.#
#..#..###..#.#


You could see a +1 demon trident of chaos, Bravepunisher's ghost (ally target),
a friendly boulder beetle (summoned) and a friendly vampire mosquito (summoned).

Vanquished Creatures
  Gastronok (Lair:2)
  3 hydras
  3 death yaks (Lair:4)
  A boulder beetle (Lair:1)
  2 two-headed ogres
  16 spriggans (Lair:5)
  2 skysharks
  A fire crab (Lair:5)
  4 skeletal warriors (D:11)
  An ugly thing (D:9)
  2 cyclopes (D:9)
  9 elephants (Lair:5)
  4 black mambas
  A merfolk siren (Lair:3)
  7 cane toads
  A kobold demonologist (D:11)
  A torpor snail (Lair:1)
  10 komodo dragons
  2 rime drakes
  6 trolls
  3 merfolk (Lair:3)
  9 polar bears
  A queen bee (Lair:2)
  6 hornets
  4 blink frogs (Lair:1)
  Sigmund (D:2)
  5 dream sheep (Lair:5)
  5 wyverns
  47 yaks
  2 shadows
  A vampire (D:9)
  Eustachio (D:5)
  9 vampire mosquitoes
  A steam dragon (Lair:1)
  2 basilisks
  2 unseen horror simulacra (D:9)
  An acid dragon (D:9)
  13 water moccasins
  4 ice beasts (D:9)
  5 black bears
  3 orc warriors (D:10)
  5 sky beasts
  8 centaurs
  3 boggarts (Lair:5)
  29 wolves
  4 phantoms
  3 kobold brigands
  9 bullfrogs
  3 gnoll sergeants
  A scorpion (D:5)
  5 wights (D:9)
  37 killer bees
  8 electric eels
  3 howler monkeys
  6 bombardier beetles
  2 hounds (D:5)
  6 orc priests
  Crazy Yiuf (D:3)
  7 jellies
  7 iguanas
  3 sleepcaps
  3 scrub nettles (Lair:1)
  2 gnoll boudas (D:7)
  Natasha (thrice) (D:3)
  13 orc wizards
  A centaur simulacrum (D:9)
  Robin (D:3)
  23 gnolls
  10 adders
  A shadow imp (D:7)
  7 white imps
  4 ufetubi
  A dart slug (D:1)
  2 ribbon worms
  26 orcs
  7 ball pythons
  10 endoplasms
  3 giant cockroaches
  15 goblins
  9 hobgoblins
  2 jackals (D:1)
  19 kobolds
  7 quokkas
  4 bats
  6 frilled lizards
  5 rats
536 creatures vanquished.

Vanquished Creatures (others)
  6 jellies
  2 kobolds (D:11)
8 creatures vanquished.

Grand Total: 544 creatures vanquished

Notes
Turn   | Place    | Note
-------+----------+-------------------------------------------
     0 | D:1      | Juicyj the Minotaur Fighter began the quest for the Orb.
     0 | D:1      | Reached XP level 1. HP: 19/19 MP: 0/0
    90 | D:1      | Reached XP level 2. HP: 17/27 MP: 1/1
   399 | D:1      | Reached XP level 3. HP: 33/33 MP: 2/2
   578 | D:1      | Identified 4 scrolls of acquirement
   578 | D:1      | Acquired the ring of Myguufro {rF+ rC+ AC+4 Str-4 Stlth+}
   581 | D:1      | Acquired a +1 heavy broad axe
   584 | D:1      | Acquired the +2 pair of boots of Pened {Regen+ Str+2}
   591 | D:1      | Acquired the ring "Othioc" {rN+ Str+6}
   648 | D:2      | Noticed Sigmund
   672 | D:2      | Killed Sigmund
   673 | D:2      | Reached skill level 5 in Shields
   673 | D:2      | Reached XP level 4. HP: 26/41 MP: 3/3
   673 | D:2      | Reached XP level 5. HP: 29/47 MP: 4/4
   822 | D:2      | Reached skill level 5 in Armour
  1019 | D:2      | Reached skill level 5 in Fighting
  1437 | D:3      | Found Teecsoh's General Store.
  1470 | D:3      | Noticed Natasha
  1475 | D:3      | Killed Natasha
  1476 | D:3      | Reached XP level 6. HP: 56/56 MP: 5/5
  1532 | D:3      | Identified the +4 quarterstaff of Guile {holy, *Slow rF+
                  | Int+5 Dex+3}
  1764 | D:3      | Found a broken altar of Ashenzari.
  1851 | D:3      | Noticed Robin
  1859 | D:3      | Killed Robin
  1938 | D:3      | Found a burning altar of Makhleb.
  1975 | D:3      | Found a runed translucent door.
  1976 | D:3      | Noticed Crazy Yiuf
  1980 | D:3      | Killed Crazy Yiuf
  2012 | D:3      | Noticed Natasha
  2016 | D:3      | Killed Natasha
  2157 | D:3      | Acquired the +0 cloak "Goyptil" {Fly rF- rCorr}
  2207 | D:3      | Noticed Natasha
  2214 | D:3      | Killed Natasha
  2223 | D:4      | Found a bloodstained altar of Trog.
  2242 | D:4      | Reached skill level 5 in Axes
  2267 | D:4      | Found a staircase to the Ecumenical Temple.
  2296 | D:4      | Reached XP level 7. HP: 60/62 MP: 6/6
  2764 | D:5      | Entered Level 5 of the Dungeon
  2784 | D:5      | Found Ulead's Weapon Shop.
  2787 | D:5      | Reached XP level 8. HP: 65/71 MP: 7/7
  3032 | D:5      | Gained mutation: A frigid envelope surrounds you and
                  | freezes all who hurt you. [potion of mutation]
  3032 | D:5      | Gained mutation: You are agile. (Dex +4, Str/Int -1)
                  | [potion of mutation]
  3085 | D:5      | Found a shimmering altar of Xom.
  3093 | D:5      | Noticed Eustachio
  3119 | D:5      | Killed Eustachio
  3133 | D:5      | Found an iron altar of Okawaru.
  3161 | D:5      | Found a basalt altar of Yredelemnul.
  3405 | D:6      | Reached XP level 9. HP: 81/81 MP: 8/8
  4191 | D:7      | Found a blossoming altar of Fedhas.
  4462 | D:8      | Reached XP level 10. HP: 80/91 MP: 9/9
  4703 | D:8      | Found a staircase to the Lair.
  4972 | D:8      | Noticed a two-headed ogre
  4978 | D:8      | Killed a two-headed ogre
  4979 | D:8      | Reached skill level 10 in Fighting
  4979 | D:8      | Reached skill level 10 in Armour
  4979 | D:8      | Reached skill level 10 in Shields
  5222 | Lair:1   | Entered Level 1 of the Lair of Beasts
  5326 | Lair:1   | Reached skill level 10 in Axes
  5457 | Lair:1   | Noticed a cane toad
  5465 | Lair:1   | Reached XP level 11. HP: 37/101 MP: 10/10
  5584 | Lair:1   | Noticed a boulder beetle
  5594 | Lair:1   | Killed a boulder beetle
  6328 | Lair:2   | Noticed Gastronok
  6340 | Lair:2   | Killed Gastronok
  6510 | Lair:2   | Found a hole to the Spider Nest.
  7102 | Lair:3   | Reached XP level 12. HP: 110/113 MP: 11/11
  7244 | Lair:3   | Identified the +2 hat of the Baku {Harm rF+ rC+ Regen+}
  7288 | Lair:3   | Found a staircase to the Shoals.
  8366 | Lair:4   | Noticed a death yak
  8367 | Lair:4   | Noticed a death yak
  8368 | Lair:4   | Noticed a death yak
  8371 | Lair:4   | Killed a death yak
  8373 | Lair:4   | Killed a death yak
  8377 | Lair:4   | Killed a death yak
  8420 | Lair:4   | Noticed a seven-headed hydra
  8426 | Lair:4   | Killed a nine-headed hydra
  8879 | Lair:5   | Entered Level 5 of the Lair of Beasts
  8891 | Lair:5   | Reached XP level 13. HP: 99/123 MP: 12/12
  9338 | Lair:5   | Reached skill level 15 in Fighting
  9338 | Lair:5   | Reached skill level 15 in Armour
  9338 | Lair:5   | Reached skill level 15 in Shields
  9338 | Lair:5   | Reached XP level 14. HP: 135/135 MP: 13/13
  9391 | Lair:5   | Found a staircase to the Slime Pits.
  9636 | Lair:5   | Found a viscous altar of Jiyva.
  9646 | Lair:5   | Became a worshipper of Jiyva Juonah the Shapeless
  9652 | Lair:5   | Reached skill level 15 in Axes
 10203 | D:9      | Reached * piety under Jiyva
 10379 | D:3      | Bought a potion of berserk rage for 70 gold pieces
 10379 | D:3      | Bought a potion of curing for 42 gold pieces
 10379 | D:3      | Bought a scroll of enchant weapon for 105 gold pieces
 10812 | D:9      | Found a large runed translucent door.
 10812 | D:9      | Found a large runed translucent door.
 10872 | D:9      | Found a large runed translucent door.
 10872 | D:9      | Found a large runed translucent door.
 11095 | D:10     | Entered Level 10 of the Dungeon
 11128 | D:10     | Reached ** piety under Jiyva
 11155 | D:10     | Found a shadowy altar of Dithmenos.
 11159 | D:10     | Found a glowing golden altar of the Shining One.
 11415 | D:10     | Found a radiant altar of Vehumet.
 11428 | D:10     | Reached XP level 15. HP: 141/141 MP: 14/14
 11488 | D:10     | Reached *** piety under Jiyva
 11800 | D:11     | Found Soggitox's Distillery.
 12236 | D:11     | Gained mutation: You have a somewhat thin skeletal
                  | structure. (Dex +2, Stealth+) [Jiyva's grace]
 12236 | D:11     | Gained mutation: You have a moderately thin skeletal
                  | structure. (Dex +4, Stealth++) [Jiyva's grace]
 12236 | D:11     | Gained mutation: You have an unnaturally thin skeletal
                  | structure. (Dex +6, Stealth+++) [Jiyva's grace]
 12236 | D:11     | Gained mutation: You have large cloven feet. [Jiyva's
                  | grace]
 12284 | D:12     | Found a runed translucent door.
 12284 | D:12     | Found a shimmering altar of Xom.
 12284 | D:12     | Noticed Bravepunisher's ghost (journeyman SpMo)
 12319 | D:12     | Slain by a +1 demon trident of chaos

Illustrated notes

Levels and vault maps discovered:
D:1:      onia_arrival_mini_spirals, layout_rooms, chequers_mini_garden,
          minmay_pentomino_x2
D:2:      layout_basic, uniq_sigmund
D:3:      minmay_spotlight, layout_rooms, lemuel_round_altar,
          mainiacjoe_overflow_tiny_flanked, serial_shops, shop, serial_bayou,
          serial_bayou_pond_c, serial_bayou_lagoon_a, serial_bayou_pond_e,
          serial_bayou_ford_a, serial_bayou_pond_a, serial_bayou_pond_e,
          uniq_natasha, uniq_robin, uniq_crazy_yiuf_cottage
D:4:      layout_rooms, lemuel_crystal_altar, temple_pool_b
D:5:      layout_cave_pools, hellmonk_okawaru_the_only_friend_you_need,
          lemuel_doored_altar, yredelemnul_altar_generic, serial_shops,
          nicolae_diamond_shop, guppyfry_early_lair_pool, uniq_eustachio
D:6:      layout_rooms
D:7:      layout_loops_ring, lemuel_crystal_altar, reono_crystal_passage
D:8:      layout_loops_ring, david_lair_shrubbed, st_stairs_9,
          chequers_big_river, nicolae_figureground_pulse
D:9:      layout_irregular_city, serial_ice, serial_ice_i, serial_ice_e,
          serial_ice_m, serial_ice_b, serial_ice_a, serial_ice_n, serial_ice_f,
          serial_ice_c, minmay_hollow_rounded_squares
D:10:     layout_long_grid, vehumet_altar_wand_db, grunt_temple_overflow_open,
          serial_glass, glass_columns_a, glass_columns_b, glass_columns_b,
          glass_columns_a, glass_columns_a, glass_columns_c, glass_columns_a,
          glass_columns_a, chequers_avenue
D:11:     layout_basic, serial_shops, nicolae_shop_trees
D:12:     layout_irregular_city, kennysheep_orc_monster_closet_entryway,
          ebering_ghost_xom
Lair:1:   layout_regular_city, evilmike_ambush [evilmike_ambush_outer_basic,
          evilmike_ambush_inner_basic], infiniplex_staircase_pool_2,
          grunt_megastairs_4, serial_bayou_shore_a
Lair:2:   layout_roguey, spider_nest_entry_web_field, special_room
          [special_room_bee], serial_bayou_crossing, uniq_gastronok
Lair:3:   layout_layer_cave, elwin_shoals_entry_stream, roderic_carrion_pond,
          serial_bayou_lake_a
Lair:4:   layout_layer_cave, chequers_serial_rivers_small_a, minivault_11,
          beast_lair_carwin_3, lemuel_fruit_tree
Lair:5:   minmay_lair_end_enchanted_forest, layout_regular_city,
          nicolae_slime_entry_field_trip

Skill      XL: |  1  2  3  4  5  6  7  8  9 10 11 12 13 14 |
---------------+-------------------------------------------+-----
Shields        | 4 5 6 7 9 10 12 13 15 | 15.8
Armour         | 4 5 6 7 9 10 12 13 15 | 15.8
Fighting       | 4 5 6 7 9 10 12 13 15 | 15.8
Axes           | 3 4 5 6 7 9 10 12 13 14 15 | 15.6

Action                     |  1- 3 |  4- 6 |  7- 9 | 10-12 | 13-15 || total
---------------------------+-------+-------+-------+-------+-------++-------
  Melee: War axe           |    40 |       |       |       |       ||    40
         Headbutt          |     6 |    10 |    31 |    49 |    57 ||   153
         Broad axe         |    13 |   100 |   175 |   247 |   309 ||   844
  Evoke: Wand              |       |       |       |     2 |       ||     2
    Use: Scroll            |     4 |     1 |     7 |     7 |     9 ||    28
         Potion            |       |       |     5 |     4 |     1 ||    10
   Stab: Distracted        |       |       |       |     1 |       ||     1
 Armour: Scale mail        |    43 |    98 |   190 |   310 |   231 ||   872
         Chain mail        |       |       |       |       |   128 ||   128
  Dodge: Dodged            |    30 |    59 |   107 |   131 |   162 ||   489
  Block: Buckler           |     9 |    50 |    70 |   115 |   165 ||   409

Table legend: (Time is in decaauts)
 A = Elapsed time spent in this place.
 B = Non-inter-level travel time spent in this place.
 C = Inter-level travel time spent in this place.
 D = Time resting spent in this place.
 E = Time spent auto-exploring this place.
 F = Levels seen in this place.
 G = Mean time per level.
                   A        B        C        D        E       F      G
               +--------+--------+--------+--------+--------+-----+--------+
         Total |  12909 |  12159 |    750 |     29 |   9356 |  17 |  759.4 |
       Dungeon |   7841 |   7329 |    512 |      0 |   5532 |  12 |  653.4 |
          Lair |   5067 |   4830 |    237 |     29 |   3824 |   5 | 1013.4 |
               +--------+--------+--------+--------+--------+-----+--------+

Top non-repeatable levels by time:
  Lair:3: 1220 daAuts
  Lair:5: 1171 daAuts
  Lair:1: 1067 daAuts
     D:8: 936 daAuts
     D:3: 934 daAuts
     D:2: 870 daAuts
  Lair:2: 847 daAuts
     D:9: 795 daAuts
  Lair:4: 761 daAuts
     D:7: 658 daAuts
    D:10: 651 daAuts
     D:5: 644 daAuts
     D:4: 634 daAuts
     D:1: 626 daAuts
    D:11: 529 daAuts
